 Dungeon Crawl Stone Soup version 0.19.5 (webtiles) character file.

112 doot the Chucker (level 4, -3/40 HPs)
             Began as an Ogre Hunter on May 6, 2017.
             Slain by a sky beast (5 damage)
             ... on level 3 of the Dungeon.
             The game lasted 00:07:12 (2922 turns).

doot the Chucker (Ogre Hunter)                      Turns: 2922, Time: 00:07:14

Health: -3/40      AC:  5    Str: 16    XL:     4   Next: 95%
Magic:  4/4        EV: 10    Int: 12    God:
Gold:   61         SH:  0    Dex: 10    Spells: 0 memorised, 3 levels left

rFire  . . .     SeeInvis .     w - +0 mace
rCold  . . .     Gourm    .     b - +0 robe
rNeg   . . .     Faith    .     (no shield)
rPois  .         Spirit   .     (helmet restricted)
rElec  .         Reflect  .     (no cloak)
rCorr  .         Harm     .     (gloves unavailable)
MR     .....                    (boots unavailable)
Stlth  +.........               (no amulet)
                                (no ring)
                                s - +2 ring of intelligence

@: no status effects
A: unfitting armour, iridescent scales 1, frail 1, tough skin 1, weak 1
a: no special abilities


You were on level 3 of the Dungeon.
You were not hungry.

You visited 1 branch of the dungeon, and saw 3 of its levels.

You collected 61 gold pieces.

Inventory:

Hand Weapons
 e - a +0 whip
 w - a +0 mace (weapon)
Armour
 b - a +0 robe (worn)
Jewellery
 s - a +2 ring of intelligence (left hand)
Scrolls
 h - a scroll of amnesia {unknown}
 i - a scroll of enchant weapon {unknown}
 k - a scroll of blinking {unknown}
 l - 2 scrolls of remove curse {unknown}
 o - a scroll of recharging {unknown}
 p - a scroll of enchant armour {unknown}
 r - 2 scrolls of teleportation {unknown}
 t - 5 scrolls of identify {unknown}
Potions
 g - a potion of mutation
 m - a potion of ambrosia {unknown}
 n - a potion of curing {unknown}
 u - a potion of might {unknown}
Comestibles
 a - 2 meat rations
 f - 2 bread rations
 j - 3 fruits
 q - a beef jerky


   Skills:
 + Level 3.0 Fighting
 * Level 3.1 Maces & Flails
 + Level 5.0 Throwing
 + Level 2.2 Dodging
 + Level 0.9 Stealth


You had 3 spell levels left.
You didn't know any spells.

Dungeon Overview and Level Annotations

Branches:
Dungeon (3/15)

Altars:
Makhleb
Qazlal


Innate Abilities, Weirdness & Mutations

You are too large for most types of armour.
You have tough skin. (AC +1)
You are partially covered in iridescent scales. (AC +2)
You are frail. (-10% HP)
You are weak. (Str -2)


Message History

You throw a throwing net.
The throwing net closely misses the sky beast.
Throwing (i - inventory):
d - a throwing net (quivered)
Press: ? - help, Shift-Dir - straight line, f/p - sky beast
Aim: a sky beast (heavily wounded)
You throw a throwing net.
The throwing net closely misses the sky beast.
The sky beast flickers out of sight!
Deactivating autopickup; reactivate with Ctrl-A.
Something hits you.
* * * LOW HITPOINT WARNING * * *
Something shocks you.
* * * LOW HITPOINT WARNING * * *
It was a potion of mutation.
You feel extremely strange.
Iridescent scales grow over part of your body.
You feel frail.
You feel weaker. Something hits you.
* * * LOW HITPOINT WARNING * * *
Something shocks you.
You die...

.........#### #.#
##......(...###
#.#
#.####.......##
#.# # #≈.......#
#.# #..#####.# #.#
#..# #)####.##
#..# #.......##
##{# #..#.###.###
#@# #.#.........
#.................
#####.##..###..)..
## #.## ##..#. ..#
#...# .## ###.. #
##. +. #. #.# ##.


There were no monsters in sight!

Vanquished Creatures
  A hound (D:2)
  An adder (D:2)
  3 worms
  3 dart slugs
  2 leopard geckos
  5 orcs (D:3)
  6 bats (D:1)
  4 giant cockroaches
  4 goblins
  7 hobgoblins
  2 frilled lizards
  7 kobolds
  5 rats
50 creatures vanquished.

Notes
Turn   | Place    | Note
-------+----------+-------------------------------------------
     0 | D:1      | doot the Ogre Hunter began the quest for the Orb.
     0 | D:1      | Reached XP level 1. HP: 22/22 MP: 1/1
   327 | D:1      | Reached XP level 2. HP: 29/29 MP: 2/2
   495 | D:1      | Reached skill level 1 in Maces & Flails
  1119 | D:1      | Reached XP level 3. HP: 36/36 MP: 3/3
  1911 | D:2      | Found a burning altar of Makhleb.
  1924 | D:2      | Reached XP level 4. HP: 8/45 MP: 4/4
  2323 | D:2      | Found a stormy altar of Qazlal.
  2534 | D:3      | Reached skill level 5 in Throwing
  2903 | D:3      | Noticed a sky beast
  2922 | D:3      | Gained mutation: You are partially covered in iridescent scales. (AC +2) [potion of mutation]
  2922 | D:3      | Gained mutation: You are frail. (-10% HP) [potion of mutation]
  2922 | D:3      | Gained mutation: You are weak. (Str -2) [potion of mutation]
  2922 | D:3      | HP: 2/40 [something (1)]
  2922 | D:3      | Slain by a sky beast

Skill      XL: |  1  2  3  4 |
---------------+-------------+-----
Maces & Flails | 1 2 3 |  3.1
Dodging        | 2 |  2.2
Fighting       | 3 |  3.0
Throwing       | 5 |  5.0
Stealth        | |  0.9

Action                   |  1- 3 |  4- 6 || total
-------------------------+-------+-------++-------
Melee: Whip              |    86 |    38 ||   124
       Unarmed           |     7 |       ||     7
       Mace              |       |     4 ||     4
Throw: Large rock        |    34 |    18 ||    52
       Throwing net      |       |     3 ||     3
  Use: Potion            |       |     1 ||     1
 Stab: Sleeping          |       |     1 ||     1
  Eat: Chunk             |     3 |     3 ||     6
Armor: Robe              |    32 |     5 ||    37
Dodge: Dodged            |    47 |    21 ||    68
